 Dungeon Crawl Stone Soup version 0.29-a0-322-g68df515428 (webtiles) character file.

Game seed: 2633601257176766589

4620 Flugslaktarn the Stinger (level 10, -2/76 HPs)
             Began as a Human Venom Mage on Apr 6, 2022.
             Was an Elder of Cheibriados.
             Slain by a death yak (26 damage)
             ... on level 8 of the Dungeon.
             The game lasted 00:20:15 (3031 turns).

Flugslaktarn the Stinger (Human Venom Mage)         Turns: 3031, Time: 00:20:16

Health: -2/76      AC:  2    Str: 18    XL:     10   Next: 69%
Magic:  5/19       EV: 17    Int: 29    God:    Cheibriados [****..]
Gold:   224        SH:  0    Dex: 24    Spells: 7/21 levels left

rFire   + . .      SeeInvis .   f - +9 scimitar
rCold   + . .      Faith    .   (no shield)
rNeg    . . .      Spirit   .   a - +0 robe
rPois   .          Reflect  .   (no helmet)
rElec   .          Harm     .   (no cloak)
rCorr   .          Rampage  .   k - +0 pair of gloves
Will    .....                   (no boots)
Stlth   ++++......              i - amulet of regeneration
HPRegen 1.02/turn               p - ring of protection from cold
MPRegen 0.16/turn               r - ring of wizardry

@: on berserk cooldown, attractive, slowed, very slow
A: thin skeletal structure 1, deformed body, fire resistance 1
a: Renounce Religion, Bend Time, Temporal Distortion, Slouch


You were on level 8 of the Dungeon.
You worshipped Cheibriados.
Cheibriados was greatly pleased with you.
You visited 1 branch of the dungeon, and saw 8 of its levels.
You also visited: Ossuary.

You collected 224 gold pieces.

Inventory:

Hand Weapons
 e - a +0 dagger of venom
   (You took it off a goblin on level 1 of the Dungeon)
 f - a +9 scimitar (weapon)
   (You took it off a wight on level 5 of the Dungeon)
 w - a +5 battleaxe
   (You took it off a wight on level 6 of the Dungeon)
 A - a +0 dagger
   (You took it off a kobold on level 1 of the Dungeon)
Missiles
 m - 9 boomerangs (quivered)
 z - 3 throwing nets
Armour
 a - a +0 robe (worn)
 k - a +0 pair of gloves (worn)
   (You found it on level 1 of the Dungeon)
 o - a +0 kite shield
   (You took it off a gnoll sergeant on level 5 of the Dungeon)
Magical Staves
 g - a staff of death
   (You found it on level 1 of the Dungeon)
Jewellery
 c - a ring of protection from cold
   (You found it on level 7 of the Dungeon)
 i - an amulet of regeneration (around neck)
   (You found it on level 4 of the Dungeon)
 p - a ring of protection from cold (left hand)
   (You found it on level 4 of the Dungeon)
 r - a ring of wizardry (right hand)
   (You took it off a wight on level 6 of the Dungeon)
Wands
 s - a wand of flame (13)
   (You found it on level 3 of the Dungeon)
Scrolls
 l - a scroll of acquirement
 t - a scroll of magic mapping
 u - a scroll of noise
 B - a scroll of fear
 C - a scroll of fog
 D - a scroll of immolation {unknown}
Potions
 b - a potion of magic
 d - a potion of might
 h - 3 potions of haste
 j - 2 potions of brilliance
 n - a potion of resistance
 q - 3 potions of curing
 y - 2 potions of flight


   Skills:
 - Level 6.0 Fighting
 - Level 4.0 Long Blades
 - Level 6.0 Dodging
 - Level 2.0 Stealth
 - Level 6.0 Spellcasting
 - Level 2.0 Transmutations
 + Level 4.1 Ice Magic
 - Level 2.0 Air Magic
 - Level 7.0 Poison Magic
 + Level 5.9 Invocations


You had 7 spell levels left.
You knew the following spells:

 Your Spells              Type           Power      Damage    Failure   Level
a - Sting                 Tmut/Pois      100%       1d8       1%          1
b - Poisonous Vapours     Pois/Air       68%        N/A       1%          2
c - Mephitic Cloud        Conj/Pois/Air  26%        N/A       1%          3
d - Olgreb's Toxic Radia  Pois           49%        N/A       1%          4
e - Frozen Ramparts       Ice            64%        1d8       1%          3
q - Apportation           Tloc           16%        N/A       2%          1

Your spell library contained the following spells:

 Spells                   Type           Power      Damage    Failure   Level
 Animate Skeleton         Necr           16%        N/A       2%          1
 Summon Small Mammal      Summ           32%        N/A       2%          1
 Ice Form                 Ice/Tmut       26%        N/A       6%          4
 Gell's Gravitas          Tloc           8%         N/A       7%          3
 Teleport Other           Tloc           8%         N/A       7%          3
 Summon Ice Beast         Ice/Summ       20%        N/A       10%         4


Dungeon Overview and Level Annotations

Branches:
Dungeon (8/15)             Temple (0/1) D:4         Ossuary (visited)
   Lair: D:8-11

Altars:
Cheibriados
Dithmenos
Hepliaklqana
Okawaru
Qazlal
Vehumet
Yredelemnul

Annotations:
D:5 exclusion: downstairs


Innate Abilities, Weirdness & Mutations

You have a somewhat thin skeletal structure. (Dex +2, Stealth+)
Armour fits poorly on your strangely shaped body.
Your flesh is heat resistant. (rF+)


Message History

You hear a bellow! x3; You hear a shout!
You hear a bellow!
You hear a shout! x2
A death yak comes into view. x2
The wall freezes the orc.
Unknown command.
Your frozen ramparts will break if you move.
Continue?
Okay, then.
Your frozen ramparts will break if you move.
Continue?
The frozen ramparts melt away as you move.
The death yak is engulfed in noxious fumes. x2
The death yak appears confused.
The death yak gores you!!
Unknown command.
Casting: Mephitic Cloud (mildly dangerous; 2% risk of failure)
Confirm with . or Enter, or press ? or * to list all spells.
The walls around you are covered in ice.
The death yak is engulfed in noxious fumes.
The wall freezes the death yak.
The wall freezes the orc.
You kill the orc!
Cheibriados appreciates the change of pace.
Casting: Frozen Ramparts (mildly dangerous; 2% risk of failure)
Confirm with . or Enter, or press ? or * to list all spells.
You begin to radiate toxic energy.
The yak is poisoned.
The death yak is poisoned. x2; The yak looks even sicker.
The death yak is engulfed in noxious fumes.
The wall freezes the death yak!
A death yak comes into view.
The wall freezes the yak.
An orc warrior comes into view. It is wielding a +0 scimitar.
Casting: Olgreb's Toxic Radiance (dangerous; 1% risk of failure)
Confirm with . or Enter, or press ? or * to list all spells.
You don't have enough magic to cast this spell.
Unknown command.
Unknown command.
Okay, then.
Okay, then.
Okay, then.
It was a potion of attraction.
You feel attractive to monsters.
The yak looks even sicker.
The death yak bellows!
The death yak is poisoned. x2; The orc warrior is poisoned.
The wall freezes the death yak.
A yak comes into view.
The death yak is attracted toward you. x2; The yak is attracted toward you.
Something is attracted toward you. x3
It was a potion of berserk rage.
A red film seems to cover your vision as you go berserk!
Cheibriados protects you from inadvertent hurry.
You feel mighty!
The yak looks as sick as possible!
Your toxic aura wanes.
The wall freezes the yak.
The wall freezes the death yak.
The death yak completely misses you.
The death yak gores itself!
Unknown command.
You catch the helpless death yak completely off-guard!
You hit the death yak.
The death yak is heavily wounded.
The wall freezes the death yak.
You slice the death yak!!
The death yak is almost dead.
The death yak looks more healthy.
The wall freezes the death yak. x2
The death yak misses you.
A death yak comes into view.
You strike the helpless death yak from behind!
You hit the death yak.
The death yak is almost dead.
The death yak seems less confused.
The wall freezes the death yak!
The wall freezes the death yak. x2
You kill the death yak!
Cheibriados thoroughly appreciates the change of pace.
The death yak is attracted toward you. x2; The yak is attracted toward you.
Something is attracted toward you. x2
Training target 6.0 for Spellcasting reached!
Your Spellcasting skill increases to level 6!
You need to enable at least one skill for training.
You slash the death yak!
The death yak is heavily wounded.
The wall freezes the death yak.
The death yak gores you!
The wall freezes the death yak. x3; The death yak completely misses you.
You slice the death yak!!
The death yak is almost dead.
The death yak looks more healthy. x2; The wall freezes the death yak. x2
The death yak gores you!
The wall freezes the death yak.
You slice the death yak!!
You kill the death yak!
Cheibriados thoroughly appreciates the change of pace.
The frozen ramparts melt away.
The death yak is attracted toward you. x2
The yak is attracted toward you. Something is attracted toward you.
Your Ice Magic skill increases to level 4!
You hit the death yak.
The death yak is moderately wounded.
The death yak gores you!!
You slash the death yak!
The death yak is heavily wounded.
You are no longer berserk.
You are exhausted.
You feel yourself slow down. The death yak gores you.
* * * LOW HITPOINT WARNING * * *
You completely miss the death yak.
The death yak is heavily wounded.
The death yak gores you!!
You die...

#...+.. #...#.###
#.#.....# #.#.#.#.#
##...#.#.# #......#.# .
#.....(#.# ...
#......#.#########o..Y.
#####...........@YYYY#
#......##.#.##########
#......##.#.#
#......##.#.#
#......##.#.#####
#......(..#.#...#
#))......<#.#...#
.))....####.#...##
###..............#


You could see 3 death yaks, a yak (very poisoned) and an orc warrior.

Vanquished Creatures
  2 death yaks (D:8)
  Joseph (D:7)
  An unseen horror (D:6)
  Grinder (D:6)
  2 water moccasins (D:6)
  A sky beast (D:7)
  2 black bears
  An ice beast (D:7)
  2 centaurs
  6 ogres
  A kobold brigand (D:6)
  A gnoll sergeant (D:5)
  3 bullfrogs (D:7)
  A necrophage (D:4)
  5 wights
  4 killer bees (D:6)
  A howler monkey (D:6)
  2 hounds
  4 orc priests
  A gnoll shaman (D:6)
  3 iguanas
  3 orc wizards
  9 gnolls
  5 adders
  2 shadow imps
  3 white imps
  2 worms (D:2)
  3 dart slugs
  15 orcs
  3 bats
  5 endoplasms
  A giant cockroach (D:2)
  14 goblins
  6 hobgoblins
  4 jackals (D:4)
  A quokka (D:3)
  8 ball pythons
  2 frilled lizards
  8 kobolds
  8 rats
147 creatures vanquished.

Vanquished Creatures (collateral kills)
  A goblin (D:4)
  A kobold (D:4)
2 creatures vanquished.

Grand Total: 149 creatures vanquished

Notes
Turn   | Place    | Note
-------+----------+-------------------------------------------
     0 | D:1      | Flugslaktarn the Human Venom Mage began the quest for the
                  | Orb.
     0 | D:1      | Reached XP level 1. HP: 13/13 MP: 3/3
    90 | D:1      | Reached XP level 2. HP: 2/19 MP: 1/5
    93 | D:1      | Learned a level 2 spell: Poisonous Vapours
   336 | D:2      | Found a snail-covered altar of Cheibriados.
   342 | D:2      | Reached skill level 1 in Air Magic
   342 | D:2      | Reached XP level 3. HP: 18/24 MP: 3/6
   414 | D:2      | Became a worshipper of Cheibriados the Contemplative
   673 | D:2      | Reached XP level 4. HP: 30/30 MP: 4/7
   780 | D:3      | Found an iron altar of Okawaru.
   826 | D:3      | Reached XP level 5. HP: 27/35 MP: 1/9
   878 | D:3      | Reached * piety under Cheibriados
   901 | D:2      | Reached skill level 4 in Poison Magic
   940 | D:3      | Learned a level 3 spell: Mephitic Cloud
   945 | D:3      | Found a basalt altar of Yredelemnul.
  1101 | D:4      | Noticed an ogre
  1138 | D:4      | Killed an ogre
  1139 | D:4      | Reached skill level 5 in Poison Magic
  1139 | D:4      | Reached XP level 6. HP: 16/41 MP: 3/10
  1139 | D:4      | Gained mutation: Your flesh is heat resistant. (rF+)
                  | [potion of mutation]
  1139 | D:4      | Gained mutation: You have a somewhat thin skeletal
                  | structure. (Dex +2, Stealth+) [potion of mutation]
  1139 | D:4      | Gained mutation: Armour fits poorly on your strangely
                  | shaped body. [potion of mutation]
  1253 | D:4      | HP: 2/40 [necrophage (3)]
  1263 | D:4      | Noticed a black bear
  1274 | D:4      | Killed a black bear
  1275 | D:4      | Reached skill level 6 in Poison Magic
  1275 | D:4      | Reached XP level 7. HP: 18/46 MP: 3/11
  1361 | D:4      | Found a sand-covered staircase.
  1367 | Ossuary  | Entered an ossuary
  1431 | D:4      | Learned a level 4 spell: Olgreb's Toxic Radiance
  1433 | D:4      | Learned a level 1 spell: Apportation
  1463 | D:4      | Reached skill level 1 in Fighting
  1491 | D:4      | Reached ** piety under Cheibriados
  1499 | D:5      | Entered Level 5 of the Dungeon
  1506 | D:5      | Found a radiant altar of Vehumet.
  1567 | D:5      | Found a hazy altar of Hepliaklqana.
  1624 | D:5      | Reached skill level 7 in Poison Magic
  1624 | D:5      | Reached XP level 8. HP: 40/56 MP: 3/12
  1691 | D:5      | Identified a scroll of acquirement
  1707 | D:5      | Found a stormy altar of Qazlal.
  1770 | D:5      | Got the Compendium of the Voyage
  1811 | D:4      | Found a staircase to the Ecumenical Temple.
  2136 | D:6      | Reached skill level 1 in Long Blades
  2136 | D:6      | Noticed Grinder
  2139 | D:6      | Reached skill level 5 in Fighting
  2174 | D:6      | Paralysed by Grinder for 4 turns
  2186 | D:6      | Killed Grinder
  2187 | D:6      | Reached XP level 9. HP: 42/68 MP: 10/13
  2197 | D:6      | Reached skill level 5 in Dodging
  2215 | D:6      | Reached *** piety under Cheibriados
  2388 | D:6      | Killed an unseen horror
  2389 | D:6      | Reached skill level 1 in Invocations
  2608 | D:7      | Learned a level 3 spell: Frozen Ramparts
  2663 | D:7      | Reached **** piety under Cheibriados
  2735 | D:7      | Reached skill level 1 in Ice Magic
  2766 | D:7      | Reached XP level 10. HP: 76/76 MP: 9/15
  2791 | D:7      | Noticed Joseph
  2810 | D:7      | Killed Joseph
  2943 | D:8      | Found a shadowy altar of Dithmenos.
  2949 | D:8      | Reached skill level 5 in Spellcasting
  2949 | D:8      | Reached skill level 5 in Invocations
  3012 | D:8      | Noticed a death yak
  3017 | D:8      | Noticed a death yak
  3017 | D:8      | Noticed a death yak
  3020 | D:8      | Noticed a death yak
  3024 | D:8      | Noticed a death yak
  3025 | D:8      | Killed a death yak
  3028 | D:8      | Killed a death yak
  3031 | D:8      | Slain by a death yak

Illustrated notes

Levels and vault maps discovered:
D:1:      evilmike_arrival_rings, layout_loops_ring
D:2:      layout_rooms, basic_altar, minmay_circle_x
D:3:      layout_basic, okawaru_metal_pillars_1_2,
          nicolae_overflow_crystal_walls
D:4:      nicolae_BIG_FREAKIN_CUBE, layout_rooms,
          minmay_temple_entry_statues_fountains, serial_shops,
          kennysheep_little_box, lightli_ossuary_entry_decrepit_ruins
D:5:      layout_basic, mainiacjoe_overflow_boulevard,
          nicolae_ru_the_path_less_chosen, vehumet_altar_wand_db,
          grunt_qazlal_clouds
D:6:      layout_loops_ring, corexii_leaking_fountain, minmay_misc_feat_doors,
          uniq_grinder
D:7:      layout_loops_ring, hangedman_abyss_or_decor_lesser_grid, uniq_joseph
D:8:      layout_basic, zin_treasury, nicolae_dithmenos_the_darkroom,
          dpeg_lair_monsters

Skill      XL: |  1  2  3  4  5  6  7  8  9 10 |
---------------+-------------------------------+-----
Transmutations | 2 |  2.0
Air Magic      | 1 2 |  2.0
Spellcasting   | 3 6 |  6.0
Poison Magic   | 5 6 7 |  7.0
Fighting       | 2 5 6 |  6.0
Dodging        | 3 4 6 |  6.0
Long Blades    | 2 4 |  4.0
Invocations    | 4 5 |  5.9
Ice Magic      | 1 4 |  4.1
Stealth        | |  2.0

Action                   |  1- 3 |  4- 6 |  7- 9 | 10-12 || total
-------------------------+-------+-------+-------+-------++-------
Melee: Dagger            |    37 |    74 |    39 |       ||   150
       Punch             |       |     2 |     1 |       ||     3
       Unarmed           |       |    11 |       |       ||    11
       Scimitar          |       |       |    90 |    16 ||   106
Throw: Boomerang         |     2 |     2 |       |       ||     4
 Cast: Sting             |    40 |    35 |    26 |     2 ||   103
       Poisonous Vapours |       |     8 |    14 |     2 ||    24
       Mephitic Cloud    |       |     1 |     6 |     4 ||    11
       Olgreb's Toxic Ra |       |       |    15 |     7 ||    22
       Frozen Ramparts   |       |       |       |     2 ||     2
Invok: Bend Time         |       |     1 |     3 |       ||     4
Evoke: Wand              |       |     3 |     6 |     6 ||    15
  Use: Scroll            |       |     8 |     8 |     1 ||    17
       Potion            |       |     5 |     4 |     2 ||    11
 Stab: Sleeping          |     1 |     2 |     2 |       ||     5
       Confused          |       |       |     2 |     3 ||     5
Armor: Robe              |     9 |    23 |    13 |     1 ||    46
       Skin              |       |    15 |       |       ||    15
Dodge: Dodged            |    29 |    55 |    97 |    12 ||   193

Table legend: (Time is in decaauts)
 A = Elapsed time spent in this place.
 B = Non-inter-level travel time spent in this place.
 C = Inter-level travel time spent in this place.
 D = Time resting spent in this place.
 E = Time spent auto-exploring this place.
 F = Levels seen in this place.
 G = Mean time per level.
                   A        B        C        D        E       F      G
               +--------+--------+--------+--------+--------+-----+--------+
         Total |   4055 |   3765 |    290 |      0 |      0 |   9 |  450.6 |
       Dungeon |   4051 |   3761 |    290 |      0 |      0 |   8 |  506.4 |
       Ossuary |      4 |      4 |      0 |      0 |      0 |   1 |    4.0 |
               +--------+--------+--------+--------+--------+-----+--------+

Top non-repeatable levels by time:
     D:6: 853 daAuts
     D:5: 607 daAuts
     D:4: 576 daAuts
     D:7: 502 daAuts
     D:1: 475 daAuts
     D:2: 429 daAuts
     D:3: 429 daAuts
     D:8: 177 daAuts
 Ossuary: 4 daAuts
